 Dungeon Crawl Stone Soup version 0.32-a0-172-gc5dd13f2a7 (webtiles) character file.

Game seed: 7508905648942746751

1407 lunkers the Zephyrmancer (level 8, -4/67 HPs)
             Began as an Oni Air Elementalist on Feb 13, 2024.
             Was an Initiate of Ashenzari.
             Slain by an iguana (12 damage)
             ... on level 6 of the Dungeon.
             The game lasted 00:10:21 (6262 turns).

lunkers the Zephyrmancer (Oni Air Elementalist)     Turns: 6262, Time: 00:10:22

Health: -4/67      AC:  4    Str: 13    XL:     8   Next: 70%
Magic:  1/19       EV:  9    Int: 18    God:    Ashenzari [......]
Gold:   306        SH:  5    Dex:  9    Spells: 11/21 levels left

rFire   . . .        a - +2 dagger (venom)
rCold   . . .        n - orb {light}
rNeg    . . .        c - +1 robe
rPois   .            (helmet restricted)
rElec   .            (no cloak)
rCorr   .            (gloves unavailable)
SInv    .            (boots unavailable)
Will    .....        j - amulet "Revealing Incredulity" {Reflect SH+5, Self, Elem} (curse)
Stlth   +            (no ring)
HPRegen 0.31/turn    (no ring)
MPRegen 0.16/turn

%: reflection
@: glowing
A: large, unfitting armour, horns 1, tough skin 1, double potion healing,
drunken brawling
a: Renounce Religion, Shatter the Chains


You were on level 6 of the Dungeon.
You worshipped Ashenzari.
Ashenzari was noncommittal.
You visited 1 branch of the dungeon, and saw 6 of its levels.

You collected 306 gold pieces.

Inventory:

Hand Weapons
 a - a +2 dagger of venom (weapon)
Armour
 c - a +1 robe (worn)
 n - an orb of light (worn)
Jewellery
 j - the cursed amulet "Revealing Incredulity" (around neck) {Reflect SH+5, Self, Elem}
   (You found it on level 3 of the Dungeon)

   [amulet of reflection]

   Reflect:   It reflects blocked missile attacks.
   SH+5:      It affects your SH (+5).
   It has a curse which improves the following skills: Introspection: Fighting
   and Spellcasting.
   Elements:  Fire Magic, Ice Magic, Air Magic and Earth Magic.
Wands
 w - a wand of acid (7)
 x - a wand of mindburst (27)
Scrolls
 d - 2 scrolls of fog
 g - 3 scrolls of enchant armour
 i - a scroll of poison {unknown}
 k - 6 scrolls of identify {unknown}
 m - 2 scrolls of teleportation
 o - 5 scrolls of noise {unknown}
 p - a scroll of blinking {unknown}
 q - 2 scrolls of immolation {unknown}
 s - a scroll of amnesia {unknown}
 u - 2 scrolls of fear {unknown}
Potions
 b - a potion of magic
 e - a potion of ambrosia {unknown}
 f - 2 potions of mutation {unknown}
 h - a potion of might {unknown}
 l - a potion of haste {unknown}
 r - a potion of curing {unknown}
 t - 3 potions of heal wounds {unknown}
 v - a potion of resistance {unknown}


   Skills:
 - Level 1.7 Dodging
 - Level 1.4 Stealth
 + Level 7.0(7.4) Spellcasting
 - Level 0.8 Conjurations
 * Level 8.2(8.7) Air Magic


You had 11 spell levels left.
You knew the following spells:

 Your Spells              Type           Power      Damage    Failure   Level
a - Shock                 Conj/Air       92%        1d8       1%          1
b - Static Discharge      Conj/Air       46%        3-5/arc   2%          2
c - Airstrike             Air            19%        2d(3-19)  3%          4
p - Swiftness             Air            38%        N/A       1%          3

Your spell library contained the following spells:

 Spells                   Type           Power      Damage    Failure   Level
 Mephitic Cloud           Conj/Alch/Air  18%        N/A       9%          3
 Call Imp                 Summ           12%        N/A       16%         2
 Sublimation of Blood     Necr           6%         N/A       16%         2
 Dazzling Flash           Conj/Hex       16%        N/A       26%         3
 Inner Flame              Hex/Fire       6%         N/A       30%         3
 Silence                  Hex/Air        11%        N/A       43%         5
 Flame Wave               Conj/Fire      8%         2d5       65%         4
 Sticky Flame             Fire/Alch      6%         2d4       71%         4
 Curse of Agony           Necr           6%         N/A       96%         5
 Summon Hydra             Summ           3%         N/A       100%        7


Dungeon Overview and Level Annotations

Branches:
Dungeon (6/15)             Temple (0/1) D:6

Altars:
Ashenzari
Dithmenos
Fedhas
Makhleb
Qazlal
Ru
Trog
Xom

Shops:
D:5 *   D:6 (


Innate Abilities, Weirdness & Mutations

You are too large for most types of armour.
You have a pair of small horns on your head.
You have tough skin. (AC +1)
You gain doubled healing and magic from potions.
Whenever you drink a healing potion, you attack all around you.


Message History

The iguana is moderately wounded.
You are struck by an arc of lightning.
The iguana is struck by an arc of lightning.
The iguana is heavily wounded.
The lightning grounds out.
* * * LOW MAGIC WARNING * * *
Edmund hits you with a +2 flail of protection!
* * * LOW HITPOINT WARNING * * *
The iguana bites you!
* * * LOW HITPOINT WARNING * * *
Unknown command.
You hit Edmund but do no damage.
Edmund looks as sick as possible!
Edmund is almost dead.
Edmund hits you with a +2 flail of protection!
* * * LOW HITPOINT WARNING * * *
The iguana bites you but does no damage.
Unknown command.
You hit Edmund but do no damage.
Edmund looks as sick as possible!
Edmund is almost dead.
You kill Edmund!
The iguana bites you.
* * * LOW HITPOINT WARNING * * *
Your Spellcasting skill increases to level 7!
The iguana completely misses you.
Things that are here:
a +2 flail of protection; a +1 leather armour of cold resistance Unknown command.
Unknown command.
You completely miss the iguana.
The iguana is heavily wounded.
The iguana bites you!
* * * LOW HITPOINT WARNING * * *
You hit the iguana but do no damage.
The iguana is heavily wounded.
The iguana closely misses you.
Unknown command.
You hit the iguana but do no damage.
The iguana is poisoned.
The iguana is heavily wounded.
The iguana bites you!
You die...

#..##..#.)....####....#
#..##..#...........####
#......#...........#..+
#......#....[......#..#
#......#...........#..#
##'###.#...........##'#
#..###.##########......
#..>'...........#......
#...#.@l........'......
######..##......#......
#..##..###+#......
...#####......##+#
..<#..........#..#
##..#..........#...
#..#..........#...
.#####........#...
#...##.......#...


You could see an iguana (very poisoned).

Vanquished Creatures
  Sigmund (D:4)
  Edmund (D:6)
  2 ice beasts
  An ogre (D:5)
  A phantom (D:5)
  Blork the orc (D:4)
  3 scorpions
  A howler monkey (D:6)
  A vampire bat (D:3)
  3 hounds
  2 jellies
  A gnoll bouda (D:4)
  An iguana (D:4)
  7 adders
  4 gnolls (D:4)
  3 dart slugs
  3 fire bats (D:3)
  2 ribbon worms
  2 orcs (D:4)
  2 spectral bats (D:3)
  3 bat skeletons (D:3)
  A bat zombie (D:3)
  5 endoplasms
  3 giant cockroaches
  9 goblins
  2 hobgoblins
  7 jackals (D:1)
  6 quokkas
  8 ball pythons
  12 bats
  A bat simulacrum (D:3)
  4 frilled lizards
  8 kobolds
  A rat (D:3)
112 creatures vanquished.

Notes
Turn   | Place    | Note
-------+----------+-------------------------------------------
     0 | D:1      | lunkers the Oni Air Elementalist began the quest for the
                  | Orb.
     0 | D:1      | Reached XP level 1. HP: 16/16 MP: 3/3
   253 | D:1      | Reached skill level 3 in Air Magic
   253 | D:1      | Reached XP level 2. HP: 24/24 MP: 3/5
   687 | D:1      | Reached XP level 3. HP: 29/31 MP: 3/7
   944 | D:1      | Learned a level 2 spell: Static Discharge
  1761 | D:2      | Reached XP level 4. HP: 39/39 MP: 1/9
  1922 | D:2      | Reached skill level 4 in Air Magic
  2357 | D:3      | Reached XP level 5. HP: 20/45 MP: 0/10
  2764 | D:3      | Found a shimmering altar of Xom.
  2856 | D:3      | Reached skill level 5 in Air Magic
  2937 | D:3      | Reached XP level 6. HP: 41/53 MP: 5/12
  3314 | D:4      | Noticed Sigmund
  3321 | D:4      | Killed Sigmund
  3322 | D:4      | Reached skill level 5 in Spellcasting
  3645 | D:4      | Reached XP level 7. HP: 39/59 MP: 4/14
  3651 | D:4      | Reached skill level 6 in Air Magic
  3782 | D:4      | Noticed Blork the orc
  3792 | D:4      | Killed Blork the orc
  4506 | D:5      | Entered Level 5 of the Dungeon
  4574 | D:5      | Learned a level 4 spell: Airstrike
  4578 | D:5      | Learned a level 3 spell: Swiftness
  4749 | D:5      | Found a shadowy altar of Dithmenos.
  4862 | D:5      | Reached skill level 7 in Air Magic
  4862 | D:5      | Reached XP level 8. HP: 67/67 MP: 2/17
  4987 | D:5      | Found Qunaudih's General Store.
  5045 | D:5      | Found a stormy altar of Qazlal.
  5281 | D:5      | Found a broken altar of Ashenzari.
  5285 | D:5      | Found a blossoming altar of Fedhas.
  5288 | D:5      | Found a bloodstained altar of Trog.
  5288 | D:5      | Found a burning altar of Makhleb.
  5295 | D:5      | Found a sacrificial altar of Ru.
  5418 | D:5      | Became a worshipper of Ashenzari the Shackled
  5546 | D:6      | Found a staircase to the Ecumenical Temple.
  5737 | D:6      | Found Hudwooh's Antique Weapon Shop.
  6114 | D:6      | Reached skill level 8 in Air Magic
  6249 | D:6      | Noticed Edmund
  6258 | D:6      | Killed Edmund
  6262 | D:6      | Slain by an iguana

Illustrated notes

Levels and vault maps discovered:
D:1:      saegor_arrival_simple_e, layout_loops_corners,
          minmay_misc_feat_square, minmay_hexomino_p4
D:2:      layout_rooms
D:3:      layout_basic, mainiacjoe_overflow_six_doors_small, goddamned_bats
D:4:      layout_loops_ring, uniq_sigmund, uniq_blork_the_orc
D:5:      layout_cave_pools, nicolae_qazlal_eye_of_the_storm,
          grunt_dithmenos_shadows, nicolae_overflow_hallway_of_the_gods,
          serial_shops, shop
D:6:      layout_gridville, minmay_temple_entry_junction,
          kennysheep_windowed_goal, uniq_edmund

Skill      XL: |  1  2  3  4  5  6  7  8 |
---------------+-------------------------+-----
Air Magic      | 3 4 5 7 8 |  8.2
Spellcasting   | 3 4 5 6 7 |  7.0
Dodging        | |  1.7
Stealth        | |  1.4
Conjurations   | |  0.8

Action                     |  1- 3 |  4- 6 |  7- 9 || total
---------------------------+-------+-------+-------++-------
  Melee: Dagger            |    65 |    40 |    31 ||   136
         Headbutt          |     5 |     4 |     8 ||    17
   Cast: Shock             |    65 |    53 |    40 ||   158
         Static Discharge  |       |    20 |    20 ||    40
         Airstrike         |       |       |    11 ||    11
 Invoke: Curse Item        |       |       |     1 ||     1
    Use: Scroll            |     3 |       |     1 ||     4
   Stab: Sleeping          |       |       |     1 ||     1
 Armour: Robe              |    56 |   138 |    65 ||   259
  Dodge: Dodged            |    48 |    68 |    27 ||   143

Table legend: (Time is in decaauts)
 A = Elapsed time spent in this place.
 B = Non-inter-level travel time spent in this place.
 C = Inter-level travel time spent in this place.
 D = Time resting spent in this place.
 E = Time spent auto-exploring this place.
 F = Levels seen in this place.
 G = Mean time per level.
                   A        B        C        D        E       F      G
               +--------+--------+--------+--------+--------+-----+--------+
         Total |   6260 |   6001 |    259 |      0 |   5244 |   6 | 1043.3 |
       Dungeon |   6260 |   6001 |    259 |      0 |   5244 |   6 | 1043.3 |
               +--------+--------+--------+--------+--------+-----+--------+

Top non-repeatable levels by time:
     D:1: 1341 daAuts
     D:4: 1206 daAuts
     D:3: 1146 daAuts
     D:5: 1007 daAuts
     D:2: 809 daAuts
     D:6: 747 daAuts
